 Dungeon Crawl Stone Soup version 0.29.1-1-gd02db6906a (webtiles) character file.

Game seed: 14831823830265496504

17 Icepheonix32 the Caller (level 2, 0/19 HPs)
             Began as a Merfolk Summoner on Oct 6, 2022.
             Slain by a jackal (2 damage)
             ... on level 1 of the Dungeon.
             The game lasted 00:00:53 (559 turns).

Icepheonix32 the Caller (Merfolk Summoner)           Turns: 559, Time: 00:00:54

Health: 0/19       AC:  2    Str:  8    XL:     2   Next: 62%
Magic:  2/5        EV: 12    Int: 14    God:
Gold:   0          SH:  0    Dex: 14    Spells: 4/5 levels left

rFire   . . .      SeeInvis .   d - +0 dagger
rCold   . . .      Faith    .   (no shield)
rNeg    . . .      Spirit   .   a - +0 robe
rPois   .          Reflect  .   (no helmet)
rElec   .          Harm     .   (no cloak)
rCorr   .          Rampage  .   (no gloves)
Will    .....                   (no boots)
Stlth   ++........              (no amulet)
HPRegen 0.06/turn               (no ring)
MPRegen 0.09/turn               (no ring)

@: attractive
A: (nimble swimmer 2), mertail
a: no special abilities


You were on level 1 of the Dungeon.
You visited 1 branch of the dungeon, and saw 1 of its levels.

Inventory:

Hand Weapons
 d - a +0 dagger (weapon)
Armour
 a - a +0 robe (worn)
Scrolls
 e - a scroll of brand weapon {unknown}
Potions
 b - a potion of magic


   Skills:
 - Level 2.6 Dodging
 - Level 2.1 Stealth
 - Level 2.0 Spellcasting
 + Level 4.7 Summonings


You had 4 spell levels left.
You knew the following spells:

 Your Spells              Type           Power      Damage    Failure   Level
a - Summon Small Mammal   Summ           56%        N/A       3%          1

Your spell library contained the following spells:

 Spells                   Type           Power      Damage    Failure   Level
 Call Imp                 Summ           14%        N/A       5%          2
 Call Canine Familiar     Summ           14%        N/A       11%         3
 Summon Guardian Golem    Hex/Summ       8%         N/A       26%         3
 Summon Lightning Spire   Summ/Air       8%         N/A       65%         4


Dungeon Overview and Level Annotations

Branches:
Dungeon (1/15)

Altars:


Innate Abilities, Weirdness & Mutations

((You are very nimble when in or above water. (Stealth+, EV+, Speed+++)))
Your lower body shifts to a powerful aquatic tail in water.


Message History

You swap places.
The jackal barely misses your quokka.
The jackal bites your rat but does no damage.
The rat completely misses your rat.
Your quokka bites the jackal but does no damage.
Your rat bites the jackal but does no damage.
The jackal bites your quokka. The jackal barely misses your rat.
The rat bites your rat.
Your quokka barely misses the jackal.
The jackal bites your rat.
Your rat dies!
Your rat's corpse disappears in a puff of smoke!
The jackal misses your quokka.
Your quokka bites the jackal but does no damage.
The jackal misses your quokka.
The jackal completely misses your quokka.
Your quokka bites the jackal.
The jackal dies!
It was a potion of attraction.
You feel attractive to monsters.
Your quokka bites the jackal but does no damage.
The jackal bites your quokka.
Your quokka misses the jackal. The jackal is attracted toward you.
The rat is attracted toward you. The kobold is attracted toward you.
The hobgoblin is attracted toward you.
Casting: Summon Small Mammal (safe; 3% risk of failure)
Confirm with . or Enter, or press ? or * to list all spells.
The kobold misses your quokka. The kobold is attracted toward you.
The hobgoblin is attracted toward you. The jackal is attracted toward you.
You swap places.
The jackal barely misses your rat.
The kobold hits your quokka with a +0 club.
Your quokka bites the rat but does no damage.
The jackal barely misses your rat.
Your rat closely misses the jackal.
Memorise Call Imp, consuming 2 spell levels and leaving 2?
Your quokka closely misses the rat.
The jackal bites your rat.
Your rat dies!
Your rat's corpse disappears in a puff of smoke!
The kobold barely misses your quokka. The jackal is attracted toward you.
The rat is attracted toward you. The kobold is attracted toward you.
Something is attracted toward you. x2
You start memorising the spell.
You continue memorising.
The jackal bites you.
Your memorisation is interrupted.
You die...

..................
#.......#.......
##....##........
#..#..#..#......
#.###g..###.....
#..#.†#Kh#......
##.....rh.......
##############.#.###
#..@hrKrKghKh.......
#.#########gg.....##
#)# #.##.#### #.#
#.##.# #.# #.##.#
#.# #.##.. #.#
#.###.# #.# #.# #.#
#.# ### #.# #.#


You could see a jackal, a kobold and a rat.

Vanquished Creatures
  A dart slug (D:1)
  A ball python (D:1)
  An endoplasm (D:1)
  A giant cockroach (D:1)
  A goblin (D:1)
  A quokka (D:1)
  2 frilled lizards (D:1)
  2 rats (D:1)
10 creatures vanquished.

Vanquished Creatures (collateral kills)
  A goblin (D:1)
  A jackal (D:1)
  A ball python (D:1)
  2 rats (D:1)
5 creatures vanquished.

Grand Total: 15 creatures vanquished

Notes
Turn   | Place    | Note
-------+----------+-------------------------------------------
     0 | D:1      | Icepheonix32 the Merfolk Summoner began the quest for the
                  | Orb.
     0 | D:1      | Reached XP level 1. HP: 13/13 MP: 3/3
   344 | D:1      | Reached XP level 2. HP: 15/19 MP: 1/5
   559 | D:1      | Slain by a jackal

Illustrated notes

Levels and vault maps discovered:
D:1:      amcnicky_arrival_single_pillar, layout_loops_ring,
          minmay_strange_pillars

Action                   || total
-------------------------++-------
Melee: Unarmed           ||    12
       Dagger            ||    21
 Cast: Summon Small Mamm ||    15
  Use: Potion            ||     1
 Stab: Sleeping          ||     2
Armor: Robe              ||     5
Dodge: Dodged            ||    48
